AoeStats
← [KBRA] sir_teleco

Arena

509108416Analyzed
1v1 RM · 7d ago on Sep 25, 2026· 53m 22s· 2 players
Game mode
Random Map
Map size
Tiny (2 player)
Population
200
Speed
Normal
Resources
Standard
Victory
Conquest
Starting age
Dark Age
Ending age
Imperial Age
RankedLock teamsTeams togetherTeam positionsShared explorationLock speedFull tech treeHidden civsTurbo modeCheats
Victory
Defeat
🇺🇸 Bohemians · United States
1016
+16
🇪🇸 Slavs · Spain
1007
-16
[KBRA] sir_teleco
10:13 Feudal Age
12:32 Double-Bit Axe
16:59 Castle Age
15:06 Double-Bit Axe
15:04 Horse Collar
15:35 Gold Mining
16:13 Man-at-Arms
16:59 Loom
17:08 Loom
17:15 Long Swordsman
18:55 Scale Mail Armor
23:00 Chain Mail Armor
23:21 Squires
27:27 Town Watch
31:59 Wheelbarrow
36:19 Imperial Age
37:15 Scale Barding Armor
37:34 Conscription
37:22 Husbandry
37:34 Bloodlines
37:47 Stone Mining
38:42 Wheelbarrow
39:03 Chain Barding Armor
38:46 Husbandry
39:51 Hand Cart
40:34 Plate Barding Armor
41:27 Bloodlines
43:24 Gold Shaft Mining
43:51 Plate Barding Armor
44:03 Heavy Scorpion
46:24 Murder Holes
46:50 Ballistics
46:26 Fletching
47:47 Elite Skirmisher
49:24 Bodkin Arrow
49:31 Padded Archer Armor
51:04 Druzhina
Mr.SpicyChickenNugget
10:25 Feudal Age
12:08 Loom
13:30 Double-Bit Axe
13:28 Horse Collar
18:54 Castle Age
22:08 Wheelbarrow
23:01 Chemistry
22:22 Heavy Plow
39:50 Imperial Age
38:40 Hand Cart
40:41 Pikeman
42:29 Bow Saw
42:30 Town Watch
42:45 Halberdier
Connection lost

Rejoining the realm…

Still unreachable

The connection could not be restored.

Session expired

The server has moved on; the page needs a fresh start.